 Dungeon Crawl Stone Soup version 0.17-a0-1760-ga6756ae (webtiles) character file.

82 poirepourri the Firebug (level 4, 0/36 HPs)
             Began as a Deep Elf Fire Elementalist on Sept 3, 2015.
             Slain by an orc wizard
             ... wielding a +0 dagger of venom
              (2 damage)
             ... on level 3 of the Dungeon.
             The game lasted 00:05:55 (2808 turns).

poirepourri the Firebug (DEFE)                      Turns: 2808, Time: 00:05:57

Health: 0/36       AC: 22    Str:  5    XL:     4   Next: 21%
Magic:  6/11       EV:  2    Int: 21    God:
Gold:   87         SH:  0    Dex: 15    Spells: 3 memorised, 4 levels left

rFire  . . .     SeeInvis .     h - +0 short sword
rCold  . . .     Clarity  .     (armour currently unavailable)
rNeg   + + +     SustAt   .     (no shield)
rPois  +         Gourm    .     (helmet currently unavailable)
rElec  .         Spirit   .     (cloak currently unavailable)
rCorr  .         Warding  .     (gloves currently unavailable)
rMut   .         NoTele   +     (boots currently unavailable)
MR     .....                    (no amulet)
Stlth  +++.......               (no ring)
                                (no ring)

@: lethally poisoned (0 -> -14), tree-form, not resistant to hostile
enchantments, fairly stealthy
A: no striking features
a: no special abilities


You were on level 3 of the Dungeon.
You were not hungry.
You were a tree.
You visited 1 branch of the dungeon, and saw 3 of its levels.

You collected 87 gold pieces.

Inventory:

Hand weapons
 h - a +0 short sword (weapon)
Armour
 a - a +0 robe (melded)
Jewellery
 k - a cursed ring of teleportation {unknown}
 m - an uncursed ring of stealth {unknown}
Magical devices
 j - a wand of confusion (19)
Scrolls
 d - a scroll of fear {unknown}
 e - 3 scrolls of identify {unknown}
 f - a scroll of random uselessness {unknown}
 i - a scroll of enchant weapon {unknown}
 n - a scroll of enchant armour {unknown}
 o - a scroll of recharging {unknown}
Potions
 g - a potion of lignification
 l - a potion of flight
 p - a potion of invisibility {unknown}
Books
 b - a book of Flames

   Spells                             Type                      Level
   a - Flame Tongue                   Conjuration/Fire             1
   b - Throw Flame                    Conjuration/Fire             2
   c - Conjure Flame                  Conjuration/Fire             3
   d - Inner Flame                    Hexes/Fire                   3
   e - Sticky Flame                   Conjuration/Fire             4
   f - Fireball                       Conjuration/Fire             5
Comestibles
 c - a bread ration


   Skills:
 + Level 0.1 Fighting
 + Level 3.2 Dodging
 + Level 2.9 Stealth
 + Level 3.7 Spellcasting
 + Level 2.1 Conjurations
 + Level 4.1 Fire Magic


You had 4 spell levels left.
You knew the following spells:

 Your Spells              Type           Power        Failure   Level  Hunger
a - Flame Tongue          Conj/Fire      ###..        3%          1    None
b - Throw Flame           Conj/Fire      ###...       6%          2    ##.....
c - Conjure Flame         Conj/Fire      ###.....     12%         3    ###....


Dungeon Overview and Level Annotations

Branches:
Dungeon (3/15)

Altars:


Message History

Aim: an orc wizard, wielding a dagger of venom and wearing a robe (moderately wounded, fast)
The flame tongue hits the orc wizard.
The orc wizard appears unharmed.
The orc wizard is moderately wounded.
You feel sick. The orc wizard casts a spell at you. The puff of frost hits you!
* * * LOW HITPOINT WARNING * * *
The orc wizard completely misses you.
Drink which item? (? for menu, Esc to quit)
It was a potion of lignification.
You turn into a tree.
Your +0 robe melds into your body.
Your roots penetrate the ground.
The orc wizard barely misses you.
Drink which item? (? for menu, Esc to quit)
It was a potion of flight.
Your roots keep you in place.
* * * LOW HITPOINT WARNING * * *
You feel sick.
The orc wizard hits you but does no damage.
You are more poisoned.
The orc wizard hits you with a dagger of venom.
You die...

##### #...####..
#.........
#...#####. ##÷##
#.# #.# #.# ###
###♣# #.... #.o.#
#.#.. #.### #.#.#
#.# #.#.# ##o##
#.#.# ##o ##.(.##
#.#.##....
##....)###.#.......
#..............)...
##.....##..######.#


You could see an orc wizard.

Vanquished Creatures
  An adder (D:2)
  An ooze (D:2)
  6 orcs
  10 bats
  2 giant cockroaches (D:1)
  6 goblins
  7 hobgoblins
  7 jackals (D:1)
  3 kobolds
  2 ball pythons (D:1)
  4 giant newts
  11 rats
60 creatures vanquished.

Notes
Turn   | Place    | Note
--------------------------------------------------------------
     0 | D:1      | poirepourri the Deep Elf Fire Elementalist began the quest for the Orb.
     0 | D:1      | Reached XP level 1. HP: 10/10 MP: 6/6
   364 | D:1      | Reached XP level 2. HP: 15/15 MP: 2/8
   781 | D:1      | Reached XP level 3. HP: 7/19 MP: 2/9
  1160 | D:1      | Learned a level 2 spell: Throw Flame
  1164 | D:1      | Learned a level 3 spell: Conjure Flame
  1728 | D:2      | Reached skill level 4 in Fire Magic
  2230 | D:2      | Reached XP level 4. HP: 24/24 MP: 4/11
  2808 | D:3      | Slain by an orc wizard

Vault maps used:
D:1:      dpeg_arrival_round_c, st_stairs_10
D:3:      nicolae_tso_swordbearing_angel, minmay_cupped, uniq_crazy_yiuf_cottage

Action                   |  1- 3 |  4- 6 || total
-------------------------+-------+-------++-------
Melee: Unarmed           |    29 |       ||    29
       Short sword       |     1 |     9 ||    10
 Cast: Flame Tongue      |    54 |    16 ||    70
       Throw Flame       |    26 |    10 ||    36
       Conjure Flame     |     1 |       ||     1
  Use: Potion            |       |     2 ||     2
  Eat: Bread ration      |     1 |     1 ||     2
